 Dungeon Crawl Stone Soup version 0.31-a0-845-g9abc20d24f (webtiles) character file.

Game seed: 11914705647368743797

63 mcwallace the Shooter (level 4, 0/26 HPs)
             Began as a Kobold Hexslinger on Oct 2, 2023.
             Slain by a gnoll
             ... wielding a +0 whip
              (4 damage)
             ... on level 2 of the Dungeon.
             The game lasted 00:03:11 (1879 turns).

mcwallace the Shooter (Kobold Hexslinger)           Turns: 1879, Time: 00:03:12

Health: 0/26       AC:  2    Str:  5    XL:     4   Next: 30%
Magic:  6/6        EV: 15    Int: 14    God:
Gold:   93         SH:  0    Dex: 19    Spells: 6/6 levels left

rFire   . . .        a - +1 sling
rCold   . . .        (no shield)
rNeg    . . .        c - +0 robe
rPois   .            (no helmet)
rElec   .            (no cloak)
rCorr   .            (no gloves)
SInv    .            (no boots)
Will    .....        (no amulet)
Stlth   +++          (no ring)
HPRegen 0.24/turn    (no ring)
MPRegen 0.10/turn

%: no passive effects
@: no status effects
A: small, no large weapons, nightstalker 3
a: no special abilities


You were on level 2 of the Dungeon.
You visited 1 branch of the dungeon, and saw 2 of its levels.

You collected 93 gold pieces.


Innate Abilities, Weirdness & Mutations

You are small and have problems with some larger weapons.
You are completely attuned to the shadows.


   Skills:
 + Level 1.8 Fighting
 + Level 3.4 Ranged Weapons
 + Level 3.0 Dodging
 + Level 1.9 Spellcasting
 + Level 3.3 Hexes
 + Level 1.5 Fire Magic


You had 6 spell levels left.
You didn't know any spells.
Your spell library contained the following spells:

 Spells                   Type           Power      Damage    Failure   Level
 Jinxbite                 Hex            20%        N/A       10%         2
 Sigil of Binding         Hex            10%        N/A       19%         3
 Inner Flame              Hex/Fire       8%         N/A       26%         3
 Cause Fear               Hex            5%         N/A       52%         4
 Dimensional Bullseye     Hex/Tloc       3%         N/A       77%         4

Inventory:

Hand Weapons
 a - a +1 sling (weapon)
Missiles
 e - 2 boomerangs {throwing}
 g - 2 atropa-tipped darts {throwing}
 m - 5 stones {throwing}
Armour
 c - a +0 robe (worn)
 j - a +0 robe
   (You found it on level 1 of the Dungeon)
 q - a +0 chain mail
   (You found it on level 2 of the Dungeon)
 t - a +0 chain mail
   (You found it on level 2 of the Dungeon)
Scrolls
 b - a scroll of poison {!r}
 f - a scroll of blinking {unknown}
 i - a scroll of vulnerability {unknown}
 k - a scroll of revelation {unknown}
 n - a scroll of noise {unknown}
 o - a scroll of identify {unknown}
Potions
 d - a potion of curing {unknown}
 h - a potion of enlightenment {unknown}
 l - a potion of brilliance {unknown}
 p - a potion of attraction {unknown}
 r - a potion of mutation {unknown}
 s - a potion of degeneration {unknown}

Dungeon Overview and Level Annotations

Branches:
Dungeon (2/15) Zot: 10089

Altars:

..# #................'.....'....
..#
##.##...###########....##....
..# #..##...# #†...##....
..###.###...# #....###.♣♣
..##..# ##### #....###.♣ ..'..##
#....##..♣ ..#### #....##.♣♣
>...######################†..♣♣♣
.##.#<..........@g...# ##.#..♣
.##.################g# #..♣♣♣
.##.##### #.# ##.♣♣♣. .##...).#
####'########.... ..#####.#
#.....g....#....♣♣ ..#
#..........#...## ..#
#..........#...# ..#
#.......####...# ..# ####....#
#...#


You could see 2 gnolls.


Message History

Press: ? - help, Q - select action, (/) - cycle Shift-Dir - straight line, f - endoplasm
Aim: an endoplasm (asleep, 98% to hit)
You shoot a sling bullet. The sling bullet hits the endoplasm.
You shoot a sling bullet. The sling bullet hits the endoplasm.
An endoplasm is nearby!
You shoot a sling bullet. The sling bullet hits the endoplasm.
You kill the endoplasm!
A rat comes into view.
A rat is nearby!
You shoot a sling bullet. The sling bullet hits the rat.
You kill the rat!
s - a sedimented red potion
t - a +0 chain mail You now have 93 gold pieces (gained 8).
Found a stone staircase leading down.
There is a stone staircase leading down here.
A goblin comes into view. It is wielding a +0 dagger.
You shoot a sling bullet. The sling bullet hits the goblin.
You kill the goblin!
Things that are here:
a +0 dagger {short}; a goblin corpse A kobold comes into view.
It is wielding a +0 club.
The kobold shouts!
You hear a shout! x3
A gnoll comes into view. It is wielding a +0 whip.
A gnoll comes into view. It is wielding a +0 spear.
You shoot a sling bullet. The sling bullet hits the kobold.
You kill the kobold!
You shoot a sling bullet.
The sling bullet barely misses the gnoll.
You shoot a sling bullet. The sling bullet hits the gnoll.
A gnoll comes into view. It is wielding a +0 flail.
You shoot a sling bullet. The sling bullet hits the gnoll.
The gnoll hits you with a +0 whip. 😕 HP[-4]
You take 4 damage, and now have 22/26 hp.
You shoot a sling bullet.
The sling bullet hits the gnoll but does no damage.
The gnoll barely misses you. 😕 HP[+1] Fire: a) +1 sling
Press: ? - help, Q - select action, (/) - cycle Shift-Dir - straight line, f/p - gnoll
Aim: a gnoll, wielding a +0 whip (heavily wounded, 64% to hit)
You shoot a sling bullet.
The sling bullet completely misses the gnoll.
The sling bullet hits the gnoll but does no damage.
Fire: a) +1 sling
Press: ? - help, Q - select action, (/) - cycle Shift-Dir - straight line, f/p - gnoll
Aim: a gnoll, wielding a +0 whip (heavily wounded, 64% to hit)
You shoot a sling bullet. The sling bullet hits the gnoll.
The gnoll hits you with a +0 flail! 😮 HP[-8]
You take 8 damage, and now have 15/26 hp.
MASSIVE DAMAGE!! (PAUSE) Fire: a) +1 sling
Press: ? - help, Q - select action, (/) - cycle Shift-Dir - straight line, f/p - gnoll
Aim: a gnoll, wielding a +0 whip (heavily wounded, 64% to hit)
You shoot a sling bullet. The sling bullet hits the gnoll.
You hear a shout!
The gnoll closely misses you.
The gnoll misses you. 😮 HP[+1] Fire: a) +1 sling
Press: ? - help, Q - select action, (/) - cycle Shift-Dir - straight line, f/p - gnoll
Aim: a gnoll, wielding a +0 whip (heavily wounded, 64% to hit)
You shoot a sling bullet. The sling bullet hits the gnoll.
You kill the gnoll!
A gnoll comes into view. It is wielding a +0 flail.
The gnoll closely misses you.
Your Dodging skill increases to level 3!
The gnoll attacks as it pursues you! The gnoll hits you with a +0 whip.
* * * LOW HITPOINT WARNING * * *
😨 HP[-6]
You take 6 damage, and now have 10/26 hp.
MASSIVE DAMAGE!! (PAUSE) 😨 HP[+1] 😨 HP[+1]
The gnoll attacks as it pursues you! The gnoll hits you with a +0 whip.
* * * LOW HITPOINT WARNING * * *
😨 HP[-4]
You take 4 damage, and now have 8/26 hp.
The gnoll attacks as it pursues you! The gnoll hits you with a +0 whip.
* * * LOW HITPOINT WARNING * * *
😱 HP[-2]
You take 2 damage, and now have 6/26 hp.
Unknown command.
Unknown command.
The gnoll attacks as it pursues you! The gnoll misses you. 😨 HP[+1]
The gnoll attacks as it pursues you! The gnoll hits you but does no damage.
The gnoll attacks as it pursues you! The gnoll misses you. 😨 HP[+1]
There is an open door here.
The gnoll attacks as it pursues you! The gnoll hits you with a +0 whip.
* * * LOW HITPOINT WARNING * * *
😱 HP[-5]
You take 5 damage, and now have 3/26 hp.
The gnoll attacks as it pursues you! The gnoll misses you. 😱 HP[+1]
The gnoll attacks as it pursues you! The gnoll barely misses you.
The gnoll attacks as it pursues you! The gnoll hits you with a +0 whip.
You die...

Skill      XL: |  1  2  3  4 |
---------------+-------------+-----
Ranged Weapons | 3 |  3.4
Dodging        | 3 |  3.0
Fighting       | |  1.8
Spellcasting   | |  1.9
Hexes          | |  3.3
Fire Magic     | |  1.5

Action                     |  1- 3 |  4- 6 || total
---------------------------+-------+-------++-------
   Fire: Sling             |    94 |    15 ||   109
 Armour: Robe              |    17 |     8 ||    25
  Dodge: Dodged            |    32 |     8 ||    40

Levels and vault maps discovered:
D:1:      psy_arrival_radial01, layout_basic, minmay_crystal_water
D:2:      layout_basic, chequers_ecumenical_altar_grove

Notes
Turn   | Place    | Note
-------+----------+-------------------------------------------
     0 | D:1      | mcwallace the Kobold Hexslinger began the quest for the
                  | Orb.
     0 | D:1      | Reached XP level 1. HP: 12/12 MP: 2/2
     0 | D:1      | magus.rc [v1.9.6]
   141 | D:1      | Reached XP level 2. HP: 16/16 MP: 3/3
   391 | D:1      | Reached skill level 3 in Ranged Weapons
   661 | D:1      | Reached XP level 3. HP: 20/20 MP: 5/5
  1689 | D:2      | Reached XP level 4. HP: 26/26 MP: 6/6
  1853 | D:2      | Reached skill level 3 in Dodging
  1864 | D:2      | HP: 6/26 [gnoll/+0 whip (3)]
  1874 | D:2      | HP: 3/26 [gnoll/+0 whip (5)]
  1879 | D:2      | Slain by a gnoll

Vanquished Creatures
  A gnoll (D:2)
  An adder (D:2)
  4 endoplasms
  3 giant cockroaches (D:1)
  2 goblins
  2 hobgoblins (D:1)
  4 jackals (D:1)
  4 quokkas (D:1)
  4 ball pythons
  3 bats
  3 frilled lizards (D:1)
  5 kobolds
  4 rats
40 creatures vanquished.

Table legend:
 A = Non-vault XP
 B = Vault XP
 C = Vault XP percentage of total XP
 D = Non-vault monster count
 E = Vault monster count
 F = Vault count percentage of total count
                 A         B        C        D         E       F
            +---------+---------+-------+---------+---------+-------
      Total |      90 |       0 |   0.0 |      40 |       0 |   0.0
            +---------+---------+-------+---------+---------+-------
        D:1 |      50 |       0 |   0.0 |      29 |       0 |   0.0
        D:2 |      40 |       0 |   0.0 |      11 |       0 |   0.0
            +---------+---------+-------+---------+---------+-------

Skill      XL: |  1  2  3  4 |
---------------+-------------+-----
Ranged Weapons | 3 |  3.4
Dodging        | 3 |  3.0
Fighting       | |  1.8
Spellcasting   | |  1.9
Hexes          | |  3.3
Fire Magic     | |  1.5

Action                     |  1- 3 |  4- 6 || total
---------------------------+-------+-------++-------
   Fire: Sling             |    94 |    15 ||   109
 Armour: Robe              |    17 |     8 ||    25
  Dodge: Dodged            |    32 |     8 ||    40

Illustrated notes

Table legend:
 A = Kills in this place as a percentage of kills in the entire game.
 B = Kills by you in this place as a percentage of kills by you in the entire game.
 C = Kills by friends in this place as a percentage of kills by friends in the entire game.
 D = Other kills in this place as a percentage of other kills in the entire game.
 E = Experience gained in this place as a percentage of experience gained in the entire game.
 F = Experience gained in this place divided by the number of levels of this place that you have seen.
                   A       B       C       D       E      F
               +-------+-------+-------+-------+-------+----------------------
         Total | 100.0 | 100.0 |   N/A |   N/A | 100.0 |  45.0
       Dungeon | 100.0 | 100.0 |   N/A |   N/A | 100.0 |  45.0
               +-------+-------+-------+-------+-------+----------------------

Table legend: (Time is in decaauts)
 A = Elapsed time spent in this place.
 B = Non-inter-level travel time spent in this place.
 C = Inter-level travel time spent in this place.
 D = Time resting spent in this place.
 E = Time spent auto-exploring this place.
 F = Levels seen in this place.
 G = Mean time per level.
                   A        B        C        D        E       F      G
               +--------+--------+--------+--------+--------+-----+--------+
         Total |   1909 |   1824 |     85 |      0 |   1601 |   2 |  954.5 |
       Dungeon |   1909 |   1824 |     85 |      0 |   1601 |   2 |  954.5 |
               +--------+--------+--------+--------+--------+-----+--------+

Top non-repeatable levels by time:
     D:1: 1595 daAuts
     D:2: 314 daAuts
